 Dungeon Crawl Stone Soup version 0.30-a0-808-g6e0788376e (webtiles) character file.

Game seed: 13524534816618718604

10031 cforsyth the Covert (level 11, -1/64 HPs)
             Began as a Kobold Brigand on Feb 26, 2023.
             Was a Priest of Hepliaklqana.
             Slain by a death scarab (23 damage)
             ... in a Gauntlet.
             The game lasted 00:20:40 (13484 turns).

cforsyth the Covert (Kobold Brigand)               Turns: 13484, Time: 00:20:40

Health: -1/64      AC:  9    Str:  9    XL:     11   Next: 85%
Magic:  11/11      EV: 27    Int: 12    God:    Hepliaklqana [***...]
Gold:   409        SH:  0    Dex: 21    Spells: 10/10 levels left

rFire   . . .      SeeInvis .    u - +4 dagger
rCold   . . .      Faith    .    (no shield)
rNeg    . . .      Spirit   .    K - +0 troll leather armour
rPois   .          Reflect  .    (no helmet)
rElec   .          Harm     .    c - +1 cloak
rCorr   .          Rampage  +    (no gloves)
Will    .....      NoTele   +    b - +2 pair of boots {rampage}
Stlth   +++++++                  l - amulet of the acrobat
HPRegen 1.10/turn                n - +5 ring of evasion
MPRegen 0.12/turn                (no ring)

@: hasted and slowed
A: reduced essence, small, no large weapons, nightstalker 3
a: Renounce Religion, Recall Ancestor, Ancestor Identity, Transference


You were in a Gauntlet.
You worshipped Hepliaklqana.
Hepliaklqana was most pleased with you.
You visited 2 branches of the dungeon, and saw 12 of its levels.
You also visited: Bailey and Gauntlet.

You collected 577 gold pieces.
You spent 168 gold pieces at shops.

Inventory:

Hand Weapons
 a - a +3 dagger
 u - a +4 dagger (weapon)
 G - a +1 short sword of holy wrath
Missiles
 d - 23 poisoned darts (quivered)
 e - 3 curare-tipped darts
 D - 3 throwing nets
Armour
 b - a +2 pair of boots of rampaging (worn)
 c - a +1 cloak (worn)
 C - the +10 plate armour "Woudafakk" {Fly rPois rC+}
   (You found it in a bailey)

   rC:        It protects you from cold.
   rPois:     It protects you from poison.
   Fly:       It grants you flight.
 K - a +0 troll leather armour (worn)
Jewellery
 l - an amulet of the acrobat (around neck)
 n - a +5 ring of evasion (left hand)
Wands
 k - a wand of flame (16)
 r - a wand of digging (10)
 x - a wand of roots (16)
Scrolls
 h - 4 scrolls of fog
 j - 3 scrolls of vulnerability
 m - 2 scrolls of enchant weapon
 o - 4 scrolls of teleportation
 y - a scroll of enchant armour
 F - a scroll of fear
 J - a scroll of silence
Potions
 f - 3 potions of cancellation
 i - a potion of resistance {unknown}
 p - 4 potions of lignification
 q - a potion of invisibility
 s - 2 potions of magic
 t - 4 potions of might
 v - 4 potions of mutation
 w - 3 potions of flight
 z - 4 potions of curing
 A - a potion of haste
 B - a potion of brilliance {unknown}
 E - a potion of berserk rage {unknown}
 I - a potion of attraction {unknown}


   Skills:
 + Level 10.0 Fighting
 + Level 12.0 Short Blades
 - Level 2.1 Throwing
 + Level 10.7 Dodging
 + Level 13.7 Stealth


You had 10 spell levels left.
You didn't know any spells.
Your spell library contained the following spells:

 Spells                   Type           Power      Damage    Failure   Level
 Ozocubu's Armour         Ice            0%         N/A       80%         3
 Tukima's Dance           Hex            0%         N/A       80%         3
 Anguish                  Hex/Necr       0%         N/A       99%         4
 Passage of Golubria      Tloc           0%         N/A       99%         4
 Summon Lightning Spire   Summ/Air       0%         N/A       99%         4
 Metabolic Englaciation   Hex/Ice        0%         N/A       100%        5
 Yara's Violent Unravell  Hex/Tmut       0%         3d3       100%        5
 Simulacrum               Ice/Necr       0%         N/A       100%        6
 Enfeeble                 Hex            0%         N/A       100%        7
 Storm Form               Tmut/Air       0%         N/A       100%        7
 Maxwell's Capacitive Co  Air            0%         ∞         100%        8


Dungeon Overview and Level Annotations

Branches:
Dungeon (11/15)            Temple (1/1) D:4            Lair (0/5) D:9
    Orc (0/2) D:9          Bailey (visited)         Gauntlet (1/1)

Altars:
Ashenzari
Cheibriados
Dithmenos
Elyvilon
Fedhas
Gozag
Hepliaklqana
Kikubaaqudgha
Makhleb
Nemelex Xobeh
Okawaru
Qazlal
Ru
Sif Muna
Trog
Uskayaw
Vehumet
Wu Jian
Xom
Yredelemnul
Zin
The Shining One

Shops:
D:6 ?   D:7 **(?(   D:9 *   D:10 (

Annotations:
D:3 3 runed translucent doors, pokeman's ghost, amateur DEHW Gauntlet 15 transporters


Innate Abilities, Weirdness & Mutations

Your life essence is reduced to manifest your ancestor. (-10% HP)
You are small and have problems with some larger weapons.
You are completely attuned to the shadows.


Message History

The death scarab is heavily damaged.
The death scarab bites you but does no damage.
The death scarab barely misses Quintus.
You hit the death scarab.
The death scarab is severely damaged.
The death scarab bites you!! The death scarab drains your vigour!
You feel as though you will be slow longer.
The death scarab draws strength from your injuries!
The death scarab bites Quintus!!
Quintus is destroyed!
The spectral dream sheep completely misses you.
The death scarab misses you.
You feel much better. The death scarab bites you!!
The death scarab drains your vigour!
You feel as though you will be slow longer.
The death scarab draws strength from your injuries!
The death scarab closely misses you.
The spectral dream sheep closely misses you.
You feel yourself speed up. The death scarab completely misses you.
The spectral dream sheep closely misses you.
The spectral dream sheep bites you!
* * * LOW HITPOINT WARNING * * *
The death scarab misses you.
You barely miss the death scarab. The death scarab misses you.
You hit the death scarab.
The death scarab is lightly damaged.
The death scarab closely misses you. The spectral dream sheep misses you.
You hit the death scarab but do no damage.
The death scarab is lightly damaged.
The death scarab closely misses you.
You hit the death scarab but do no damage.
The death scarab is lightly damaged.
The death scarab completely misses you.
The spectral dream sheep completely misses you.
You hit the spectral dream sheep.
The spectral dream sheep is lightly damaged.
You barely miss the death scarab.
The death scarab is lightly damaged.
The death scarab bites you!!
You die...

#...........§...........#.#......
###########...###########.#......
##........#...##.......##.#..####
#©######..#...#.#.....#.#.#..#8#
###....##.#...#..#...#.?#.#..###
##.# #.#...#...#.#.."#.#..# #.##
#9#©.©#...©# ..©#©#..### #.#
.##...#.Z.#.#...###..#8#
#.##....###...#.@#...#..#....###
#..######=#.∩.#B#.....#.#....#
#........)#...##.......##..###
###########...###########..#8#
...........................###
...........≈§§§...........≈#
############################ #
#8# #8# #8# #8# #8# #8# ### ###
### ### ### ###


You could see a spectral dream sheep and a death scarab.

Vanquished Creatures
  A two-headed ogre (D:7)
  Maggie (D:7)
  2 gargoyles
  2 trolls
  A hornet (D:10)
  A shadow (D:9)
  Sigmund (D:3)
  A vampire (Bailey)
  A wyvern (D:9)
  16 yaks
  A steam dragon (D:8)
  A warg (D:8)
  Menkaure (D:5)
  3 water moccasins
  An ice beast (D:8)
  A sky beast (D:5)
  3 orc warriors
  2 ogres
  3 centaurs
  A phantom (D:4)
  2 kobold brigands
  2 scorpions
  A necrophage (D:6)
  4 killer bees (D:10)
  4 howler monkeys
  5 vampire bats (Bailey)
  4 wolf zombies (Bailey)
  A gnoll bouda (D:7)
  7 orc priests
  3 iguanas
  8 orc wizards
  A mummy (D:10)
  15 gnolls
  12 adders
  A shadow imp (D:7)
  A white imp (D:5)
  2 ufetubi
  A dart slug (D:5)
  31 orcs
  6 ball pythons
  6 bats
  9 endoplasms
  3 giant cockroaches (D:2)
  9 goblins
  4 hobgoblins
  3 jackals
  3 quokkas
  2 frilled lizards
  19 kobolds
  18 orc zombies (Bailey)
  3 rats
234 creatures vanquished.

Vanquished Creatures (collateral kills)
  A vampire (D:11)
  A wyvern (D:10)
  2 yaks (D:8)
  A warg (D:9)
  2 orc warriors (D:9)
  A centaur (D:8)
  2 gnoll sergeants
  A killer bee (D:10)
  3 vampire bats (Bailey)
  3 wolf zombies (Bailey)
  An orc wizard (D:8)
  4 gnolls
  8 orcs
  A goblin (D:9)
  A kobold (D:7)
  An orc zombie (Bailey)
33 creatures vanquished.

Vanquished Creatures (others)
  2 hexers
  6 ancestors
  22 demonic plants (Gauntlet)
  A plant (D:9)
31 creatures vanquished.

Grand Total: 298 creatures vanquished

Notes
Turn   | Place    | Note
-------+----------+-------------------------------------------
     0 | D:1      | cforsyth the Kobold Brigand began the quest for the Orb.
     0 | D:1      | Reached XP level 1. HP: 12/12 MP: 1/1
   121 | D:1      | Reached XP level 2. HP: 18/18 MP: 2/2
   456 | D:1      | You fall into a shaft and drop 1 floor!
   456 | D:2      | Found a faded altar of an unknown god.
   592 | D:2      | Reached XP level 3. HP: 13/22 MP: 3/3
   810 | D:2      | Reached XP level 4. HP: 27/27 MP: 4/4
  1349 | D:3      | Reached skill level 6 in Stealth
  1478 | D:3      | Noticed Sigmund
  1489 | D:3      | Killed Sigmund
  1490 | D:3      | Reached XP level 5. HP: 33/33 MP: 5/5
  1490 | D:3      | Reached XP level 6. HP: 38/38 MP: 6/6
  1493 | D:3      | Found a runed translucent gate.
  1493 | D:3      | Found a runed translucent gate.
  1493 | D:3      | Found a runed translucent gate.
  1500 | D:3      | Noticed pokeman's ghost (amateur DEHW)
  2003 | D:4      | Reached skill level 7 in Stealth
  2068 | D:4      | Found a staircase to the Ecumenical Temple.
  2074 | Temple   | Entered the Ecumenical Temple
  2131 | Temple   | Became a worshipper of Hepliaklqana the Forgotten
  2600 | D:4      | Reached skill level 5 in Short Blades
  2786 | D:4      | Reached XP level 7. HP: 43/43 MP: 7/7
  3157 | D:5      | Entered Level 5 of the Dungeon
  3271 | D:5      | Reached skill level 8 in Stealth
  3271 | D:5      | Reached XP level 8. HP: 22/48 MP: 8/8
  3280 | D:5      | Reached skill level 5 in Fighting
  3280 | D:5      | Reached skill level 5 in Dodging
  3739 | D:5      | Noticed Menkaure
  3759 | D:5      | Killed Menkaure
  3962 | D:6      | Found Tuatomi's Magic Scroll Boutique.
  5086 | D:6      | Reached * piety under Hepliaklqana
  5639 | D:7      | Reached skill level 9 in Stealth
  6104 | D:7      | Reached XP level 9. HP: 49/49 MP: 9/9
  6124 | D:7      | Found Riycirch's Antique Weapon Boutique.
  6281 | D:7      | Found Ricotab's Assorted Antiques.
  6284 | D:7      | Bought a smoky blue potion for 24 gold pieces
  6284 | D:7      | Bought a scroll labelled OCUUPIBIAPS for 27 gold pieces
  6284 | D:7      | Bought a smoky silvery potion for 24 gold pieces
  6284 | D:7      | Bought a lumpy grey potion for 24 gold pieces
  6465 | D:7      | Noticed Maggie
  6469 | D:7      | Killed Maggie
  6488 | D:7      | Found Noxkam's Antique Weapon Emporium.
  6538 | D:7      | Found Guruirei's Magic Scroll Shop.
  6737 | D:7      | Found Gesyics's Assorted Antiques.
  6747 | D:7      | Bought a cyan potion for 21 gold pieces
  6747 | D:7      | Bought a scroll labelled RIDGHI FOWURPHE for 24 gold pieces
  6747 | D:7      | Bought a scroll labelled PIJASY WISHRAE for 24 gold pieces
  6773 | D:7      | Found a shimmering altar of Xom.
  6773 | D:7      | Found a shimmering altar of Xom.
  6774 | D:7      | Found a shimmering altar of Xom.
  6777 | D:7      | Found a shimmering altar of Xom.
  6907 | D:7      | Reached skill level 10 in Stealth
  7501 | D:8      | Noticed a two-headed ogre
  8377 | D:7      | Killed a two-headed ogre
  8378 | D:7      | Reached skill level 11 in Stealth
  8378 | D:7      | Reached XP level 10. HP: 49/57 MP: 10/10
  9030 | D:8      | Reached skill level 10 in Short Blades
  9672 | D:9      | Found a staircase to the Lair.
  9846 | D:9      | Reached skill level 12 in Stealth
  9961 | D:9      | Found a staircase to the Orcish Mines.
  9973 | D:9      | HP: 1/58 [orc warrior/+2 hand axe of freezing (4)]
 10050 | D:9      | Reached ** piety under Hepliaklqana
 10055 | D:9      | Remembered your ancestor Quintus as a hexer
 10061 | D:9      | Found a flagged portal.
 10072 | Bailey   | Entered a bailey
 10537 | Bailey   | Reached XP level 11. HP: 62/62 MP: 11/11
 10715 | Bailey   | Identified the +0 ring mail "Zat Uzu" {Harm MP+9}
 10844 | Bailey   | Identified the +10 plate armour "Woudafakk" {Fly rPois rC+}
 11347 | D:9      | Found Zijaxu's Serpentskin Sales.
 11532 | D:10     | Entered Level 10 of the Dungeon
 11599 | D:10     | Reached skill level 10 in Dodging
 11745 | D:10     | Reached skill level 13 in Stealth
 12117 | D:10     | Found Xoqaxoma's Antique Weapon Emporium.
 12596 | D:10     | Found a snail-covered altar of Cheibriados.
 12833 | D:11     | Reached *** piety under Hepliaklqana
 12855 | D:11     | Reached skill level 10 in Fighting
 12940 | D:11     | Found a gate leading to a gauntlet.
 12948 | Gauntlet | Entered a Gauntlet
 12948 | Gauntlet | Found a transporter.
 12948 | Gauntlet | Found a transporter.
 12959 | Gauntlet | Found a transporter.
 12963 | Gauntlet | Noticed a wizard
 12976 | Gauntlet | Found a transporter.
 12990 | Gauntlet | Noticed a hell beast
 12994 | Gauntlet | Noticed a death yak
 12995 | Gauntlet | Found a transporter.
 12995 | Gauntlet | Found a transporter.
 12995 | Gauntlet | Noticed a death yak
 12996 | Gauntlet | Noticed a death yak
 13000 | Gauntlet | Noticed a death yak
 13025 | Gauntlet | Found a transporter.
 13049 | Gauntlet | Found a transporter.
 13053 | Gauntlet | Found a transporter.
 13069 | Gauntlet | Noticed a death scarab
 13113 | Gauntlet | Found a transporter.
 13121 | Gauntlet | Found a transporter.
 13143 | Gauntlet | Found a transporter.
 13150 | Gauntlet | Found a transporter.
 13244 | Gauntlet | Found a transporter.
 13266 | Gauntlet | Found a transporter.
 13274 | Gauntlet | Found a transporter.
 13351 | Gauntlet | Noticed a catoblepas
 13484 | Gauntlet | Slain by a death scarab

Illustrated notes

Levels and vault maps discovered:
D:1:      minmay_arrival_doors, layout_basic, kennysheep_minor_cross
D:2:      layout_loops_ring, ebering_ecumenical_altar_rust
D:3:      layout_rooms, gammafunk_ghost_nasty_kobolds, uniq_sigmund
D:4:      minmay_spotlight, layout_loops_ring,
          minmay_temple_entry_statues_fountains, minmay_increasing_density
D:5:      layout_rooms, uniq_menkaure
D:6:      layout_rooms, serial_shops, nicolae_stop_n_shop_1
D:7:      layout_loops_corners, xom_redecorated, serial_shops,
          nicolae_shop_crystal, shop, shop, shop, nicolae_shop_stone,
          uniq_maggie
D:8:      nicolae_BIG_FREAKIN_CUBE, layout_loops_corners,
          minmay_misc_feat_encased, chequers_serial_rivers_micro_a,
          kennysheep_generic_room_5
D:9:      layout_roguey, erik_lair_orcish_takeover, david_orc_3, enter_bailey_5,
          guppyfry_shop_venom
D:10:     layout_roguey, slow_altar_2, serial_shops,
          nicolae_shop_overgrown_old_shop, kennysheep_big_empty_room
D:11:     layout_basic, gauntlet_entry_generic
Temple:   nicolae_temple_bog_church
Gauntlet: gammafunk_gauntlet_branching [nicolae_gauntlet_arena_x,
          gammafunk_gauntlet_arena_spirals, gammafunk_gauntlet_arena_teeth,
          gammafunk_gauntlet_arena_hedges, nicolae_gauntlet_arena_blocks,
          gammafunk_gauntlet_arena_grid, nicolae_gauntlet_arena_t_cross,
          nicolae_gauntlet_arena_flowing_pool, gauntlet_exit_green]

Skill      XL: |  1  2  3  4  5  6  7  8  9 10 11 |
---------------+----------------------------------+-----
Short Blades   | 3 4 5 6 7 9 10 12 | 12.0
Dodging        | 2 3 4 6 8 9 10 | 10.7
Stealth        | 6 7 8 9 11 12 13 | 13.7
Fighting       | 3 4 6 7 8 10 | 10.0
Throwing       | |  2.1

Action                     |  1- 3 |  4- 6 |  7- 9 | 10-12 || total
---------------------------+-------+-------+-------+-------++-------
  Melee: Dagger            |    53 |   136 |   649 |   664 ||  1502
         Punch             |     1 |       |    12 |    16 ||    29
 Invoke: Recall Ancestor   |       |       |     1 |     1 ||     2
         Ancestor Life: He |       |       |       |     1 ||     1
    Use: Scroll            |       |       |    19 |     2 ||    21
         Potion            |       |       |       |     5 ||     5
   Stab: Sleeping          |    15 |    20 |    18 |    21 ||    74
         Distracted        |       |       |       |     7 ||     7
         Confused          |       |       |       |    11 ||    11
 Armour: Robe              |    10 |    16 |    26 |       ||    52
         Steam dragon scal |       |       |    23 |    31 ||    54
         Troll leather arm |       |       |       |    17 ||    17
  Dodge: Dodged            |    27 |    84 |   545 |   479 ||  1135

Table legend: (Time is in decaauts)
 A = Elapsed time spent in this place.
 B = Non-inter-level travel time spent in this place.
 C = Inter-level travel time spent in this place.
 D = Time resting spent in this place.
 E = Time spent auto-exploring this place.
 F = Levels seen in this place.
 G = Mean time per level.
                   A        B        C        D        E       F      G
               +--------+--------+--------+--------+--------+-----+--------+
         Total |  12906 |  12346 |    560 |   1992 |   7728 |  14 |  921.9 |
       Dungeon |  11299 |  10761 |    538 |   1680 |   6885 |  11 | 1027.2 |
        Temple |    310 |    288 |     22 |      0 |    264 |   1 |  310.0 |
        Bailey |    766 |    766 |      0 |    312 |    260 |   1 |  766.0 |
      Gauntlet |    530 |    530 |      0 |      0 |    318 |   1 |  530.0 |
               +--------+--------+--------+--------+--------+-----+--------+

Top non-repeatable levels by time:
     D:7: 1890 daAuts
     D:8: 1710 daAuts
     D:5: 1468 daAuts
     D:6: 1236 daAuts
    D:10: 1097 daAuts
     D:4: 996 daAuts
     D:9: 846 daAuts
  Bailey: 766 daAuts
     D:2: 733 daAuts
     D:3: 671 daAuts
Gauntlet: 530 daAuts
     D:1: 452 daAuts
  Temple: 310 daAuts
    D:11: 194 daAuts
